 Dungeon Crawl Stone Soup version 0.17-b1-15-g0f5fb43 (webtiles) character file.

114 Eucla the Chopper (level 4, -1/60 HPs)
             Began as a Draconian Berserker on Nov 7, 2015.
             Was a Believer of Trog.
             Slain by an orc
             ... wielding a +0 trident
              (7 damage)
             ... on level 3 of the Dungeon.
             The game lasted 00:02:08 (1870 turns).

Eucla the Chopper (Draconian Berserker)             Turns: 1870, Time: 00:02:08

Health: -1/60      AC:  8    Str: 24    XL:     4   Next: 67%
Magic:  4/4        EV: 13    Int:  8    God:    Trog [**....]
Gold:   132        SH:  0    Dex: 11    Spells: 0 memorised, 3 levels left

rFire  . . .     SeeInvis .     a - +0 hand axe
rCold  . . .     Clarity  .     (armour unavailable)
rNeg   . . .     SustAt   .     (no shield)
rPois  .         Gourm    .     (helmet restricted)
rElec  .         Spirit   .     (no cloak)
rCorr  .         Warding  .     (no gloves)
rMut   .         Stasis   .     k - +0 pair of boots (curse)
MR     .....                    (no amulet)
Stlth  ..........               (no ring)
                                p - +2 ring of protection

@: berserking, very quick, not resistant to hostile enchantments, extremely
unstealthy
A: unfitting armour, cold-blooded, AC +5
a: Berserk, Trog's Hand, Burn Spellbooks, Renounce Religion


You were on level 3 of the Dungeon.
You worshipped Trog.
Trog was pleased with you.
You were not hungry.

You visited 1 branch of the dungeon, and saw 3 of its levels.

You collected 132 gold pieces.

Inventory:

Hand Weapons
 a - a +0 hand axe (weapon)
Armour
 k - a cursed +0 pair of boots (worn)
Jewellery
 p - a +2 ring of protection (left hand)
Wands
 n - a wand of polymorph (17)
Scrolls
 c - 2 scrolls of identify {unknown}
 e - 2 scrolls of immolation {unknown}
 i - a scroll of remove curse {unknown}
 l - 4 scrolls of amnesia {unknown}
Potions
 d - 2 potions of haste
 h - a potion of magic {unknown}
 j - a potion of invisibility {unknown}
 m - 2 potions of heal wounds {unknown}
 o - a potion of agility {unknown}
Comestibles
 b - 4 bread rations
 f - a beef jerky
 g - 2 slices of pizza


   Skills:
 + Level 4.2 Fighting
 * Level 4.4 Axes
 + Level 3.2 Dodging


You had 3 spell levels left.
You didn't know any spells.

Dungeon Overview and Level Annotations

Branches:
Dungeon (3/15)

Altars:
Dithmenos
Fedhas
Kikubaaqudgha
Qazlal
Trog
Xom
Yredelemnul


Innate Abilities, Weirdness & Mutations

Your plain brown scales are hard (AC +5).
Your body does not fit into most forms of armour.
You are cold-blooded and may be slowed by cold attacks.


Message History

You are too injured to fight recklessly!
There are monsters nearby!
Unknown command.
You are too injured to fight recklessly!
You are too injured to fight recklessly!
Unknown command.
A red film seems to cover your vision as you go berserk!
You feel yourself moving faster!
You feel mighty!
You feel somewhat more hungry. The orc hits you but does no damage.
The orc hits you with a morningstar.
* * * LOW HITPOINT WARNING * * *
You hit the orc but do no damage.
The orc is heavily wounded.
The orc barely misses you.
Unknown command.
You slash the orc!
You kill the orc!
Trog accepts your kill. The orc hits you with a trident!
You die...

#.#
###.##)รท.....##........
#.# #..........####........
#.# #..................#...
#.###................#.....
#.##.......................
#.##.[..........#.....#....
#.....................##...
#........o.)....##.##......
#........(@...####)##.##...
#.........)...##...##.###..
#..............#.####.# ##.
#..........##..... ... #.
#..........##.#..# ##. #.
#..........##...## #....
........###..# ###.
######### #.## #. ##


You could see an orc.

Vanquished Creatures
  An orc wizard (D:3)
  6 adders
  4 giant geckos (D:1)
  3 orcs (D:3)
  5 goblins
  5 hobgoblins
  5 bats
  A giant cockroach (D:2)
  3 giant newts
  7 kobolds
  2 rats
42 creatures vanquished.

Notes
Turn   | Place    | Note
--------------------------------------------------------------
     0 | D:1      | Eucla the Draconian Berserker began the quest for the Orb.
     0 | D:1      | Reached XP level 1. HP: 19/19 MP: 1/1
   195 | D:1      | Reached XP level 2. HP: 21/26 MP: 2/2
   201 | D:1      | Found a shimmering altar of Xom.
   797 | D:2      | Reached XP level 3. HP: 25/33 MP: 3/3
   845 | D:2      | Reached skill level 4 in Fighting
   868 | D:2      | Found a basalt altar of Yredelemnul.
   871 | D:2      | Found a bloodstained altar of Trog.
   874 | D:2      | Found a shadowy altar of Dithmenos.
   877 | D:2      | Found an ancient bone altar of Kikubaaqudgha.
   928 | D:2      | Found a blossoming altar of Fedhas.
   949 | D:2      | Found a stormy altar of Qazlal.
   963 | D:2      | Reached ** piety under Trog
  1375 | D:2      | Reached XP level 4. HP: 40/40 MP: 4/4
  1870 | D:3      | Slain by an orc

Action                   |  1- 3 |  4- 6 || total
-------------------------+-------+-------++-------
Melee: Hand axe          |    99 |    32 ||   131
Invok: Berserk           |       |     1 ||     1
 Stab: Sleeping          |     2 |       ||     2
  Eat: Chunk             |     1 |     2 ||     3
